 Dungeon Crawl Stone Soup version 0.31-a0-876-gfe8ebadbca (webtiles) character file.

Game seed: 2864134918571553526

288 Danienth the Digger (level 6, 0/37 HPs)
             Began as a Gargoyle Earth Elementalist on Oct 13, 2023.
             Slain by Ijyb
             ... wielding a +0 club
              (4 damage)
             ... on level 3 of the Dungeon.
             The game lasted 00:11:10 (2485 turns).

Danienth the Digger (Gargoyle Earth Elementalist)   Turns: 2485, Time: 00:11:10

Health: 0/37       AC:  8    Str: 12    XL:     6   Next: 31%
Magic:  6/9        EV: 12    Int: 15    God:
Gold:   164        SH:  0    Dex: 12    Spells: 4/9 levels left

rFire   . . .        s - +10 mace of Pandemonium {holy, rN+}
rCold   . . .        (no shield)
rNeg    + + .        a - +0 robe
rPois   ∞            p - +0 helmet
rElec   +            b - +0 cloak
rCorr   .            (no gloves)
SInv    .            (no boots)
Will    +....        (no amulet)
Stlth   ++           g - ring of willpower
HPRegen 0.26/turn    (no ring)
MPRegen 0.11/turn

%: no passive effects
@: about to teleport
A: sickness immunity, AC +4, negative energy resistance 1, electricity
resistance, torment resistance 1, petrification resistance
a: no special abilities


You were on level 3 of the Dungeon.
You visited 1 branch of the dungeon, and saw 3 of its levels.

You collected 164 gold pieces.

Inventory:

Hand Weapons
 s - the +10 mace of Pandemonium (weapon) {holy, rN+}
   (You found it on level 3 of the Dungeon)

   rN+:       It protects you from negative energy.
Armour
 a - a +0 robe (worn)
 b - a +0 cloak (worn)
 p - a +0 helmet (worn)
Jewellery
 g - a ring of willpower (left hand)
Wands
 m - a wand of roots (5)
Scrolls
 c - 3 scrolls of identify {unknown}
 e - 2 scrolls of fear {unknown}
 f - a scroll of amnesia {unknown}
 l - a scroll of enchant armour {unknown}
 n - a scroll of vulnerability {unknown}
 q - a scroll of poison {unknown}
 r - a scroll of teleportation
 v - a scroll of blinking {unknown}
Potions
 d - a potion of degeneration {unknown}
 h - a potion of enlightenment {unknown}
 i - 2 potions of lignification {unknown}
 j - a potion of brilliance {unknown}
 k - a potion of resistance {unknown}
 o - 2 potions of attraction {unknown}
 t - a potion of might {unknown}
 u - a potion of haste {unknown}


   Skills:
 + Level 3.4 Fighting
 * Level 2.5 Maces & Flails
 + Level 2.8 Dodging
 - Level 3.0 Stealth
 - Level 1.1 Unarmed Combat
 - Level 2.4 Spellcasting
 - Level 1.1 Transmutations
 - Level 3.6 Earth Magic


You had 4 spell levels left.
You knew the following spells:

 Your Spells              Type           Power      Damage    Failure   Level
a - Sandblast             Erth           24%        2d8       4%          1
b - Passwall              Tmut/Erth      7%         N/A       12%         2
c - Wereblood             Tmut           5%         N/A       21%         2

Your spell library contained the following spells:

 Spells                   Type           Power      Damage    Failure   Level
 Stone Arrow              Conj/Erth      14%        3d7       30%         3
 Petrify                  Tmut/Erth      9%         N/A       61%         4
 Brom's Barrelling Bould  Conj/Erth      7%         2d3       69%         4
 Summon Hydra             Summ           0%         N/A       100%        7
 Sublimation of Blood     Necr           Unusable   N/A       N/A         2

Dungeon Overview and Level Annotations

Branches:
Dungeon (3/15)

Altars:
Hepliaklqana
Nemelex Xobeh
Ru
Xom

Shops:
D:3 *

Annotations:
D:3 3 runed translucent doors, CowFu's ghost, amateur OgFi; Ijyb


Innate Abilities, Weirdness & Mutations

You are immune to sickness and miasma.
Your stone body is resilient. (AC +4)
You are immune to poison.
You resist negative energy. (rN+)
You are resistant to electric shocks. (rElec)
You are resistant to unholy torment.
You are immune to petrification.


Message History

Ijyb is lightly wounded.
The jackal closely misses you. Ijyb hits you but does no damage.
The goblin hits you with a +2 dagger of draining.
The jackal closely misses you. Ijyb barely misses you.
The goblin hits you with a +2 dagger of draining.
Casting: Sandblast (safe; 4% risk of failure)
Confirm with . or Enter, or press ? or * to list all spells.
Aiming: Sandblast (safe; 4% risk of failure)
Press: ? - help, Shift-Dir - straight line, f/p - Ijyb
Aim: Ijyb, wielding a +0 club, wearing a +0 leather armour and carrying a wand of mindburst (lightly wounded, 77% to hit)
The blast of sand hits Ijyb but does no damage.
Ijyb is lightly wounded.
The jackal closely misses you.
Ijyb zaps a wand.
You resist with some effort. The goblin closely misses you.
The jackal bites you but does no damage.
Casting: Sandblast (safe; 4% risk of failure)
Confirm with . or Enter, or press ? or * to list all spells.
Aiming: Sandblast (safe; 4% risk of failure)
Press: ? - help, Shift-Dir - straight line, f/p - Ijyb
Aim: Ijyb, wielding a +0 club, wearing a +0 leather armour and carrying a wand of mindburst (lightly wounded, 77% to hit)
The blast of sand hits Ijyb but does no damage.
Ijyb is lightly wounded.
The jackal bites you but does no damage.
Ijyb zaps a wand.
Your mind is blasted!
Ouch! That really hurt!
* * * LOW HITPOINT WARNING * * *
The goblin barely misses you.
The jackal bites you but does no damage.
Ijyb hits you with a +0 club.
* * * LOW HITPOINT WARNING * * *
The goblin barely misses you.
As you read the scroll of teleportation, it crumbles to dust.
You feel strangely unstable.
The jackal bites you but does no damage.
Ijyb closely misses you.
The goblin hits you with a +2 dagger of draining.
* * * LOW HITPOINT WARNING * * *
The jackal bites you but does no damage.
Ijyb attacks as she pursues you! Ijyb hits you with a +0 club.
You die...

#...#...))#...#..≈≈#
#...#.....#...#..≈≈##
...#.....#...#..≈≈..
##'##.....##'##..≈≈.)
#............#.).≈≈##
#............#...≈≈#
#...##########...≈≈#
#...#.g.....#####≈≈#
#...@h......+ #≈≈#
#...'g......# #≈≈#
############# ###


You could see Ijyb, a jackal and a goblin.

Vanquished Creatures
  Sigmund (D:3)
  2 orc wizards (D:3)
  2 adders
  3 dart slugs
  2 orcs (D:3)
  3 bats
  5 endoplasms
  5 giant cockroaches
  8 goblins
  5 hobgoblins
  2 jackals (D:3)
  3 kobolds
  2 quokkas (D:3)
  A ball python (D:1)
  4 frilled lizards
  5 rats
53 creatures vanquished.

Notes
Turn   | Place    | Note
-------+----------+-------------------------------------------
     0 | D:1      | Danienth the Gargoyle Earth Elementalist began the quest
                  | for the Orb.
     0 | D:1      | Reached XP level 1. HP: 10/10 MP: 3/3
    92 | D:1      | Reached skill level 1 in Unarmed Combat
   112 | D:1      | Reached XP level 2. HP: 16/16 MP: 1/5
   113 | D:1      | Reached skill level 1 in Fighting
   229 | D:1      | Learned a level 2 spell: Passwall
   232 | D:1      | Learned a level 2 spell: Wereblood
   661 | D:2      | Reached XP level 3. HP: 20/20 MP: 6/6
  1464 | D:3      | Found Voun's Assorted Antiques.
  1527 | D:3      | Found a shimmering altar of Xom.
  1537 | D:3      | Found a sacrificial altar of Ru.
  1623 | D:3      | Reached XP level 4. HP: 26/26 MP: 5/7
  1848 | D:3      | Reached skill level 1 in Transmutations
  1852 | D:3      | Reached XP level 5. HP: 10/31 MP: 0/8
  2031 | D:3      | Found a runed translucent gate.
  2032 | D:3      | Found a runed translucent gate.
  2032 | D:3      | Noticed CowFu's ghost (amateur OgFi)
  2033 | D:3      | Found a runed translucent gate.
  2037 | D:3      | Noticed a kobold brigand
  2087 | D:3      | Identified the +10 mace of Pandemonium {holy, rN+}
  2118 | D:3      | Found a hazy altar of Hepliaklqana.
  2118 | D:3      | Noticed Sigmund
  2140 | D:3      | Found a sparkling altar of Nemelex Xobeh.
  2144 | D:3      | Killed Sigmund
  2145 | D:3      | Reached XP level 6. HP: 27/37 MP: 4/9
  2475 | D:3      | Noticed Ijyb
  2485 | D:3      | Slain by Ijyb

Illustrated notes

Levels and vault maps discovered:
D:1:      dpeg_arrival_arbitrary_c, layout_basic, minmay_strange_pillars
D:2:      layout_loops_ring
D:3:      kennysheep_goblin_castle, layout_loops_ring, lemuel_crystal_altar,
          amcnicky_altar_gilded, lemuel_tele_altar, xom_teletrap_fun,
          serial_shops, shop, gammafunk_ghost_nasty_kobolds, uniq_sigmund

Skill      XL: |  1  2  3  4  5 |
---------------+----------------+-----
Unarmed Combat | 1 |  1.1
Fighting       | 1 2 3 |  3.4
Dodging        | 2 |  2.8
Stealth        | 3 |  3.0
Transmutations | 1 |  1.1
Maces & Flails | 2 |  2.5
Spellcasting   | |  2.4
Earth Magic    | |  3.6

Action                     |  1- 3 |  4- 6 || total
---------------------------+-------+-------++-------
  Melee: Unarmed           |    75 |    24 ||    99
         Punch             |     2 |     1 ||     3
         Mace              |       |    15 ||    15
   Cast: Sandblast         |    26 |    24 ||    50
    Use: Scroll            |       |     2 ||     2
         Potion            |       |     1 ||     1
   Stab: Sleeping          |     3 |     3 ||     6
 Armour: Robe              |    32 |    58 ||    90
  Dodge: Dodged            |    46 |    40 ||    86

Table legend: (Time is in decaauts)
 A = Elapsed time spent in this place.
 B = Non-inter-level travel time spent in this place.
 C = Inter-level travel time spent in this place.
 D = Time resting spent in this place.
 E = Time spent auto-exploring this place.
 F = Levels seen in this place.
 G = Mean time per level.
                   A        B        C        D        E       F      G
               +--------+--------+--------+--------+--------+-----+--------+
         Total |   2510 |   2439 |     71 |    254 |   1726 |   3 |  836.7 |
       Dungeon |   2510 |   2439 |     71 |    254 |   1726 |   3 |  836.7 |
               +--------+--------+--------+--------+--------+-----+--------+

Top non-repeatable levels by time:
     D:3: 1038 daAuts
     D:2: 998 daAuts
     D:1: 474 daAuts
